 Dungeon Crawl Stone Soup version 0.29-a0-393-g47a863cc1b (webtiles) character file.

Game seed: 10047884274358553783

109 happo123 the Ruffian (level 4, -2/44 HPs)
             Began as a Troll Berserker on May 10, 2022.
             Was a Believer of Trog.
             Splashed by a jelly's acid (4 damage)
             ... on level 3 of the Dungeon.
             The game lasted 00:06:59 (2117 turns).

happo123 the Ruffian (Troll Berserker)              Turns: 2117, Time: 00:06:59

Health: -2/44      AC: -8    Str: 27    XL:     4   Next: 59%
Magic:  3/3        EV: 10    Int:  3    God:    Trog [**....]
Gold:   181        SH:  0    Dex:  9    Spells: 3/3 levels left

rFire   + . .      SeeInvis +     - Unarmed
rCold   + . .      Faith    .   (no shield)
rNeg    . . .      Spirit   .   a - +0 animal skin
rPois   .          Reflect  .   (helmet restricted)
rElec   .          Harm     .   l - scarf {rC+ rF+}
rCorr   .          Rampage  .   (gloves unavailable)
Will    .....                   (boots unavailable)
Stlth   +.........              (no amulet)
HPRegen 0.94/turn               q - ring of see invisible
MPRegen 0.08/turn               (no ring)

@: corroded
A: large, unfitting armour, claws 3, regeneration 1, shaggy fur 1, tough skin 1
a: Renounce Religion, Berserk, Trog's Hand


You were on level 3 of the Dungeon.
You worshipped Trog.
Trog was pleased with you.
You visited 1 branch of the dungeon, and saw 3 of its levels.

You collected 181 gold pieces.

Inventory:

Armour
 a - a +0 animal skin (worn)
 l - a scarf of resistance (worn)
Jewellery
 q - a ring of see invisible (left claw)
Scrolls
 c - 4 scrolls of enchant armour {unknown}
 d - a scroll of noise {unknown}
 e - 2 scrolls of identify {unknown}
 f - 2 scrolls of torment {unknown}
 g - 3 scrolls of immolation {unknown}
 h - a scroll of fear {unknown}
 m - a scroll of fog {unknown}
 p - a scroll of vulnerability {unknown}
Potions
 b - a potion of heal wounds {unknown}
 i - 2 potions of berserk rage {unknown}
 j - 2 potions of haste {unknown}
 k - a potion of attraction {unknown}
 n - a potion of might {unknown}
 o - a potion of brilliance {unknown}
 r - a potion of curing {unknown}


   Skills:
 + Level 2.9 Fighting
 + Level 3.2 Dodging
 + Level 0.1 Stealth
 + Level 4.2 Unarmed Combat


You had 3 spell levels left.
You didn't know any spells.
Your spell library was empty.

Dungeon Overview and Level Annotations

Branches:
Dungeon (3/15)

Altars:
Qazlal
Uskayaw
Vehumet
Wu Jian


Innate Abilities, Weirdness & Mutations

You are too large for most types of armour.
You have claws for hands.
Your natural rate of healing is unusually fast.
You are covered in fur. (AC +1)
You have tough skin. (AC +1)


Message History

You claw the endoplasm!
You kill the endoplasm!
Trog accepts your kill.
There is a large open translucent door here.
You open the door. The bat hits you but does no damage. x2
You completely miss the bat. The bat hits you.
The bat hits you but does no damage.
There is an open door here.
The bat barely misses you. The bat hits you but does no damage.
The bat hits you but does no damage.
You claw the bat!
You kill the bat!
Trog accepts your kill.
A hobgoblin comes into view.
You scratch the hobgoblin but do no damage.
The hobgoblin hits you but does no damage.
You closely miss the hobgoblin. You claw the hobgoblin!
You kill the hobgoblin!
Trog accepts your kill.
A jelly comes into view.
The helpless jelly fails to defend itself.
You scratch the jelly. The acid corrodes you!
Your claws burn!
The jelly is lightly wounded.
The jelly hits you. The acid corrodes you!
You are splashed with acid!
You claw the jelly!
Your claws burn!
The jelly is almost dead.
The jelly hits you.
You are splashed with acid!
You scratch the jelly but do no damage.
Your claws burn!
The jelly is almost dead.
The jelly misses you.
You scratch the jelly but do no damage. The acid corrodes you!
Your claws burn!
The jelly is almost dead.
The jelly hits you.
* * * LOW HITPOINT WARNING * * *
The acid corrodes you!
You are splashed with acid!
* * * LOW HITPOINT WARNING * * *
You scratch the jelly but do no damage.
Your claws burn!
You die...

#..####''####.....
#..#⌠.#..#(⌠#..)..
#..#..#..#..#.....
#..#._#..#_.#.....
#..#..#..#..#.....
#..##......##.##.#
#...########..##.#
#.............##.#
#@######...### #.#
#.J........ #..
########.. ##.
..## #. .....###.
#.....# ###.#.#
#.... ####.


You could see a jelly.

Vanquished Creatures
  4 adders
  2 worms (D:2)
  2 dart slugs (D:1)
  4 ball pythons
  4 endoplasms
  4 giant cockroaches
  5 goblins
  6 hobgoblins
  12 jackals
  A quokka (D:1)
  4 bats
  2 frilled lizards
  2 kobolds
  5 rats
57 creatures vanquished.

Notes
Turn   | Place    | Note
-------+----------+-------------------------------------------
     0 | D:1      | happo123 the Troll Berserker began the quest for the Orb.
     0 | D:1      | Reached XP level 1. HP: 22/22 MP: 0/0
   308 | D:1      | Reached XP level 2. HP: 29/29 MP: 1/1
   538 | D:1      | Reached ** piety under Trog
   539 | D:1      | Reached XP level 3. HP: 36/36 MP: 2/2
  1236 | D:2      | Reached XP level 4. HP: 40/44 MP: 3/3
  1843 | D:3      | Reached skill level 4 in Unarmed Combat
  1847 | D:3      | Found an ornate altar of the Wu Jian Council.
  1930 | D:3      | Found a stormy altar of Qazlal.
  2061 | D:3      | Found a large runed translucent door.
  2062 | D:3      | Found a large runed translucent door.
  2073 | D:3      | Found a hide-covered altar of Uskayaw.
  2081 | D:3      | Found a radiant altar of Vehumet.
  2116 | D:3      | HP: 2/44 [acid (11)]
  2117 | D:3      | Splashed by a jelly's acid

Illustrated notes

Levels and vault maps discovered:
D:1:      wander_arrival_estate, layout_basic, chequers_serial_rivers_micro_d
D:2:      layout_basic, corexii_hall_statues_x
D:3:      layout_rooms, lemuel_doored_altar, nicolae_wu_jian_wuxing_cycle,
          jmf_multi_god_temple2, uniq_crazy_yiuf_cottage

Skill      XL: |  1  2  3  4 |
---------------+-------------+-----
Dodging        | 3 |  3.2
Unarmed Combat | 4 |  4.2
Fighting       | |  2.9
Stealth        | |  0.1

Action                   |  1- 3 |  4- 6 || total
-------------------------+-------+-------++-------
Melee: Unarmed           |   112 |    41 ||   153
 Stab: Sleeping          |       |     1 ||     1
Armor: Animal skin       |    41 |    17 ||    58
Dodge: Dodged            |    72 |    16 ||    88

Table legend: (Time is in decaauts)
 A = Elapsed time spent in this place.
 B = Non-inter-level travel time spent in this place.
 C = Inter-level travel time spent in this place.
 D = Time resting spent in this place.
 E = Time spent auto-exploring this place.
 F = Levels seen in this place.
 G = Mean time per level.
                   A        B        C        D        E       F      G
               +--------+--------+--------+--------+--------+-----+--------+
         Total |   2107 |   1795 |    312 |    100 |   1324 |   3 |  702.3 |
       Dungeon |   2107 |   1795 |    312 |    100 |   1324 |   3 |  702.3 |
               +--------+--------+--------+--------+--------+-----+--------+

Top non-repeatable levels by time:
     D:2: 868 daAuts
     D:1: 864 daAuts
     D:3: 374 daAuts
